 Dungeon Crawl Stone Soup version 0.21-a0-179-gd2bfb5f (webtiles) character file.

225568 namelastname112 the Convoker (level 18, -3/158 HPs)
             Began as a Black Draconian Summoner on Aug 9, 2017.
             Was a High Priest of Sif Muna.
             Killed by divine providence
             ... invoked by a deep elf high priest
              (11 damage)
             ... on level 3 of the Elven Halls on Aug 10, 2017.
             The game lasted 02:31:37 (48038 turns).

namelastname112 the Convoker (DrSu)                Turns: 48038, Time: 02:31:38

Health: -3/158     AC: 13    Str: 12    XL:     18   Next: 62%
Magic:  3/35       EV: 19    Int: 24    God:    Sif Muna [*****.]
Gold:   5080       SH:  7    Dex: 13    Spells: 6/44 levels left

rFire    + . .     SeeInvis .   b - staff of summoning
rCold    . . .     Gourm    .   D - +2 buckler
rNeg     . . .     Faith    .   (armour unavailable)
rPois    .         Spirit   .   C - +1 hat {Int+3}
rElec    +         Reflect  .   u - +0 cloak {MR+}
rCorr    .         Harm     .   x - +1 pair of gloves
MR       ++...                  Y - +2 pair of boots {run}
Stlth    ++........             E - amulet of magic regeneration
HPRegen  0.76/turn              H - ring of protection from fire
MPRegen  0.49/turn              o - +6 ring of slaying

@: about to teleport, corroded, drained, divine energy, quick
A: breathe lightning, unfitting armour, big wings, stinger 1, regeneration 1,
electricity resistance, cold-blooded, AC +10
}: 1/15 runes: decaying
a: Breathe Lightning, Fly, Stop Divine Energy, Channel Magic, Forget Spell,
Renounce Religion


You were on level 3 of the Elven Halls.
You worshipped Sif Muna.
Sif Muna was extremely pleased with you.
You were hungry.

You visited 7 branches of the dungeon, and saw 35 of its levels.
You visited 1 bazaar.
You also visited: Labyrinth and Sewer.

You collected 5578 gold pieces.
You spent 498 gold pieces at shops.

Inventory:

Hand Weapons
 a - a +2 rapier of electrocution
 h - the +9 staff of Wucad Mu {channel}
   (You found it on level 2 of the Vaults)
Armour
 u - a +0 cloak of magic resistance (worn)
 x - a +1 pair of gloves (worn)
 C - a +1 hat of intelligence (worn)
 D - a +2 buckler (worn)
 Y - a +2 pair of boots of running (worn)
Magical Staves
 b - an uncursed staff of summoning (weapon)
 L - an uncursed staff of wizardry
Jewellery
 o - a +6 ring of slaying (right hand)
 E - an amulet of magic regeneration (around neck)
 H - a ring of protection from fire (left hand)
Wands
 A - a wand of acid (9/15)
 F - a wand of acid (1/15)
 G - a wand of lightning (6/15)
 I - a wand of lightning (1/15)
 R - a wand of acid (5/15)
 Z - a wand of acid (7/15)
Scrolls
 g - 4 scrolls of teleportation
 l - 29 scrolls of remove curse
 n - 2 scrolls of fog
 p - 14 scrolls of identify
 t - 11 scrolls of enchant armour
 y - 5 scrolls of magic mapping
 J - a scroll of fear
 K - a scroll of blinking
 M - 7 scrolls of recharging
 O - a scroll of holy word
 P - a scroll of summoning
 W - 7 scrolls of enchant weapon
Potions
 c - 5 potions of heal wounds
 e - 5 potions of curing
 f - 4 potions of magic
 i - 5 potions of lignification
 j - 3 potions of brilliance
 q - a potion of berserk rage
 r - 2 potions of resistance
 s - 2 potions of ambrosia
 v - 5 potions of might
 w - 4 potions of invisibility
 z - 4 potions of mutation
 B - 12 potions of haste
 N - 5 potions of agility
 T - a potion of cancellation
Books
 m - Sif Muna's Reference Book on Summoning
   (Sif Muna gifted it to you on level 1 of the Vaults)

   Spells                             Type                      Level
   a - Summon Butterflies             Summoning                    1
   b - Summon Demon                   Summoning                    5
   c - Monstrous Menagerie            Summoning                    7
   d - Summon Horrible Things         Summoning                    8
 S - Sif Muna's Handbook of the Traveller and Evil
   (Sif Muna gifted it to you on level 4 of the Swamp)

   Spells                             Type                      Level
   a - Sublimation of Blood           Necromancy                   2
   b - Gell's Gravitas                Translocation                3
   c - Excruciating Wounds            Charms/Necromancy            5
   d - Malign Gateway                 Summoning/Translocation      7
   e - Necromutation                  Transmutation/Necromancy     8
Comestibles
 d - 8 fruits
 k - a chunk of flesh
 U - 30 bread rations


   Skills:
 + Level 13.5(12.8) Fighting
 + Level 12.0(11.3) Dodging
 - Level 1.7(1.2) Stealth
 - Level 5.2(4.6) Shields
 + Level 13.7(13.0) Spellcasting
 + Level 18.8(18.0) Summonings
 + Level 11.2(10.5) Necromancy
 - Level 5.3(4.7) Translocations
 - Level 10.8(10.2) Invocations
 - Level 3.5(2.9) Evocations


You had 6 spell levels left.
You knew the following spells:

 Your Spells              Type           Power        Failure   Level  Hunger
a - Summon Horrible Thin  Summ           ########..   14%         8    #######
b - Malign Gateway        Summ/Tloc      #######...   30%         7    ######.
c - Summon Lightning Spi  Summ/Air       ######..     1%          4    None
d - Regeneration          Chrm/Necr      #####.....   1%          3    None
e - Blink                 Tloc           N/A          1%          2    None
x - Monstrous Menagerie   Summ           ########..   1%          7    ######.
z - Haunt                 Necr/Summ      #######...   9%          7    ######.


Dungeon Overview and Level Annotations

Branches:
Dungeon (15/15)            Temple (1/1) D:5            Lair (6/6) D:9
  Swamp (4/4) Lair:4       Spider (0/4) Lair:4        Slime (0/5) Lair:6
    Orc (2/2) D:10            Elf (3/3) Orc:2        Vaults (4/5) D:14
  Crypt (0/3) Vaults:3     Depths (0/5) D:15

Altars:
Ashenzari
Cheibriados
Dithmenos
Elyvilon
Fedhas
Gozag
Hepliaklqana
Kikubaaqudgha
Makhleb
Nemelex Xobeh
Okawaru
Qazlal
Ru
Sif Muna
Trog
Uskayaw
Vehumet
Wu Jian
Xom
Yredelemnul
Zin
The Shining One
Beogh

Shops:
D:7 [   D:8 }*?}   Orc:2 ([*=   Elf:2 }   Vaults:2 *:(   Vaults:3 ([(
Vaults:4 (

Annotations:
Elf:2 5 runed doors


Innate Abilities, Weirdness & Mutations

You can breathe wild blasts of lightning.
Your glossy black scales are hard. (AC +10)
You cannot fit into any form of body armour.
Your large and strong wings let you fly indefinitely.
You are resistant to electric shocks. (rElec)
You are cold-blooded and may be slowed by cold attacks.
Your tail ends in a poisonous barb.
Your natural rate of healing is unusually fast.


Message History

An arrow appears from out of your range of vision.
The arrow hits your wraith but does no damage.
The deep elf sorcerer casts a spell at you.
Your shadow wraith resists with almost no effort.
Your shadow wraith disappears in a puff of smoke!
Your wraith disappears in a puff of smoke!
The deep elf sorcerer points at you and mumbles some strange words.
The bolt of acid hits you!
* * * LOW HITPOINT WARNING * * *
The acid corrodes you!
You are splashed with acid!
The acid burns!
* * * LOW HITPOINT WARNING * * *
You take 46 damage, and have 26/158 hp.
MASSIVE DAMAGE!!
You feel much better.
The deep elf sorcerer casts a spell at you.
The sphere of damnation explodes!
The damnation engulfs you!
* * * LOW HITPOINT WARNING * * *
The deep elf high priest prays.
The deep elf high priest mumbles some strange prayers to its god against you.
Something smites you!
You die...

#.##.##.#...#####.####
#.##.##............).#
#.##....#...#####.##)#
#.##.##.#...#####.##.#
#.##..............##.#
#.........##########.#####
####.###### *#......# #.#
######### #..###.# #.#
#.....@.# #....#.# ###.#
#.......# #.##.#.## #<[.#
#....§..# #.......# #.###
#...§(..# #.......# #.#
##.e(....###.##)##.#
##.#####[.ee.....##.##)#*.#
##.#..............##.##)##.#
#.###.##.....e.....#.......#
##.#.[##...........####.####


You could see 2 deep elf sorcerers, a deep elf archer (wandering) and a deep elf
high priest.

Vanquished Creatures
  A sphinx (Vaults:2)
  Nessos (D:15)
  Snorg (D:10)
  A great orb of eyes (Vaults:4)
  5 hydras
  3 centaur warriors
  A dancing weapon (Elf:2)
  4 alligators
  3 death yaks (Lair:6)
  10 two-headed ogres
  3 orc high priests
  2 deep elf knights (Elf:3)
  A deep troll (Vaults:3)
  3 unseen horrors
  A wizard (D:14)
  2 deep elf archers
  2 orc knights (Vaults:1)
  An ironbrand convoker (Vaults:2)
  7 deep elf magi
  4 necromancers
  2 orc sorcerers (D:15)
  2 ugly things
  5 elephants
  A black mamba (Lair:6)
  4 spiny frogs
  3 gargoyles
  3 centaur skeletons
  2 yaktaurs
  3 komodo dragons (Lair:3)
  3 rime drakes
  A freezing wraith (D:15)
  A redback zombie (D:15)
  2 trolls
  3 polar bears (Lair:6)
  A troll (shapeshifter) (Vaults:1)
  4 hornets
  A tyrant leech (Swamp:1)
  4 slime creatures
  A tengu simulacrum (Vaults:1)
  5 blink frogs
  3 hippogriffs
  A dream sheep (Lair:6)
  A centaur simulacrum (D:15)
  5 wyverns
  A shadow (Swamp:4)
  2 wraiths
  3 humans (D:14)
  2 fire elementals
  A basilisk (D:14)
  Sigmund (D:4)
  5 spriggans
  7 vampire mosquitoes
  27 yaks
  2 wargs
  8 swamp worms
  2 insubstantial wisps
  A human skeleton (Vaults:1)
  A soldier ant (D:13)
  4 porcupines
  9 water moccasins
  7 swamp drakes
  5 black bears
  25 orc warriors
  A black bear (shapeshifter) (Vaults:3)
  2 sky beasts
  8 ogres
  2 phantoms
  6 boggarts
  5 ice beasts
  13 wolves
  4 necrophages
  8 crocodiles
  11 centaurs
  A big kobold (D:10)
  An elf zombie (Elf:1)
  22 bullfrogs
  A wyvern zombie (D:15)
  A gnoll sergeant (D:9)
  2 scorpions
  7 killer bees
  A wight (D:7)
  An electric eel (D:9)
  5 howler monkeys
  A centaur zombie (D:9)
  3 bullfrog zombies
  9 crimson imps
  2 hounds (D:6)
  A jelly (D:14)
  A gnoll shaman (D:9)
  17 orc priests
  4 bullfrog skeletons
  Ijyb (D:3)
  6 iguanas
  27 orc wizards
  4 worker ants
  A killer bee zombie (D:6)
  3 hound zombies
  2 hound skeletons
  11 adders
  5 shadow imps
  2 oozes
  An adder skeleton (D:6)
  5 worms
  2 dart slugs (D:1)
  2 leopard geckos
  86 orcs
  7 giant cockroaches
  4 hobgoblins
  5 jackals
  20 kobolds
  6 quokkas
  A ball python (Sewer)
  6 bats
  10 frilled lizards
  7 goblins
  A leopard gecko skeleton (D:4)
  A quokka skeleton (D:6)
  A quokka zombie (D:6)
  10 rats
  2 plants (D:9)
609 creatures vanquished.

Vanquished Creatures (collateral kills)
  Mara (Swamp:3)
  Sojobo (Vaults:2)
  Nikola (Vaults:1)
  A titan (Vaults:4)
  2 deep elf master archers (Elf:3)
  4 thorn hunters
  Gastronok (Lair:2)
  3 tengu reavers
  Donald (Swamp:1)
  3 fire giants
  A frost giant (Vaults:4)
  An orc warlord (Orc:2)
  Louise (Swamp:1)
  16 vault wardens
  4 deep elf sorcerers (Elf:3)
  5 deep elf elementalists (Elf:3)
  13 ironheart preservers
  An entropy weaver (Vaults:4)
  4 deep elf demonologists
  3 stone giants
  Azrael (Orc:2)
  A deep elf annihilator (Vaults:3)
  5 deep elf death magi
  A minotaur (Lab)
  2 deep elf high priests (Elf:3)
  2 fire dragons
  4 yaktaur captains
  3 rakshasas
  Josephine (Lair:5)
  4 great orbs of eyes
  22 hydras
  3 ice dragons
  2 ghost crabs
  4 centaur warriors
  40 two-headed ogres
  10 ogre magi
  10 vault guards
  4 alligators
  A tengu warrior (D:14)
  2 death yaks (Lair:6)
  A spriggan berserker (Swamp:4)
  4 death knights
  A deep troll shaman (Vaults:1)
  14 dancing weapons
  13 deep elf knights
  4 orc high priests
  10 skeletal warriors
  9 swamp dragons
  8 deep trolls
  2 unseen horrors
  A spriggan druid (Swamp:2)
  8 wizards
  12 deep elf archers
  A flayed ghost (Vaults:3)
  A tengu zombie (Vaults:1)
  A phantasmal warrior (Vaults:4)
  9 orc knights
  12 ironbrand convokers
  A harpy (shapeshifter) (Elf:3)
  5 necromancers
  2 oklob plants (Lair:6)
  5 wolf spiders
  26 deep elf magi
  A sphinx zombie (Vaults:1)
  A shining eye (shapeshifter) (Vaults:4)
  4 manticores
  9 orc sorcerers
  31 ugly things
  7 cyclopes
  13 elephants
  Maurice (D:8)
  A torpor snail (Lair:6)
  12 vault sentinels
  4 black mambas
  5 gargoyles
  3 centaur skeletons (D:15)
  12 spiny frogs
  A yaktaur zombie (Vaults:1)
  6 komodo dragons
  29 yaktaurs
  9 freezing wraiths
  2 tengu conjurers (D:14)
  A large abomination (Elf:1)
  A queen bee (Lair:3)
  A hornet (shapeshifter) (D:13)
  5 tyrant leeches
  3 polar bears
  A merfolk (D:9)
  3 trolls
  7 blink frogs
  5 bog bodies
  A raiju (shapeshifter) (Vaults:4)
  13 hornets
  29 slime creatures
  A human simulacrum (Vaults:1)
  A redback (shapeshifter) (Vaults:4)
  5 dream sheep (Lair:6)
  10 hippogriffs
  A tarantella (shapeshifter) (Elf:2)
  14 spriggans
  A centaur simulacrum (D:15)
  6 redbacks
  An air elemental (Elf:3)
  A shadow (Swamp:4)
  2 fire elementals (Orc:2)
  25 yaks
  2 wyverns
  16 humans (D:14)
  4 wraiths
  2 golden eyes (shapeshifter)
  Grum (D:8)
  2 water elementals
  A basilisk (Lair:5)
  13 vampire mosquitoes
  3 hungry ghosts
  11 swamp worms
  A warg (Vaults:1)
  A swamp worm (shapeshifter) (Vaults:2)
  4 insubstantial wisps
  A hell hound (Orc:2)
  Duvessa (D:7)
  A water moccasin (shapeshifter) (D:14)
  8 water moccasins
  A porcupine (Lair:2)
  36 orc warriors
  7 swamp drakes (Swamp:4)
  An ice beast (D:12)
  2 sky beasts
  5 black bears
  A hornet zombie (D:8)
  23 ogres
  An ettin simulacrum (Vaults:1)
  2 necrophages
  A boggart (Lair:6)
  17 wolves
  11 centaurs
  7 crocodiles
  4 big kobolds
  An elf zombie (Elf:1)
  A human zombie (Vaults:1)
  2 earth elementals
  11 bullfrogs
  Dowan (D:7)
  A scorpion (D:9)
  2 wights (D:7)
  An elf simulacrum (Vaults:3)
  14 killer bees
  2 electric eels
  2 crimson imps
  A bullfrog zombie (D:9)
  16 orc priests
  18 orc wizards
  A hound (D:9)
  3 iguanas
  An adder (D:2)
  A shadow imp (D:10)
  2 oozes (Sewer)
  A worm (Sewer)
  A leopard gecko (Sewer)
  62 orcs
  3 bats (Sewer)
  A goblin (D:1)
  4 jackals (Sewer)
  10 kobolds
  A quokka (D:5)
  A ball python (Sewer)
  A rat (D:3)
  2 fungi
987 creatures vanquished.

Vanquished Creatures (others)
  14 eldritch tentacles
  An ironheart preserver (Vaults:1)
  A two-headed ogre (Vaults:4)
  An ugly thing (Vaults:2)
  A blink frog (Swamp:3)
  A fire elemental (Elf:3)
  An ogre (Vaults:4)
  An orc priest (Orc:2)
  An orc wizard (Orc:2)
  An orc (Orc:2)
  17 fungi
  19 plants
  7 toadstools (Swamp:2)
66 creatures vanquished.

Grand Total: 1662 creatures vanquished

Notes
Turn   | Place    | Note
-------+----------+-------------------------------------------
     0 | D:1      | namelastname112 the Draconian Summoner began the quest for the Orb.
     0 | D:1      | Reached XP level 1. HP: 14/14 MP: 3/3
    51 | D:1      | You fall through a shaft!
   531 | D:1      | Reached XP level 2. HP: 17/20 MP: 5/5
   535 | D:1      | Learned a level 2 spell: Call Imp
  1022 | D:2      | Reached XP level 3. HP: 25/27 MP: 6/6
  1167 | D:2      | Learned a level 3 spell: Call Canine Familiar
  1540 | D:2      | Reached XP level 4. HP: 23/34 MP: 7/7
  1649 | D:3      | Noticed Ijyb
  1669 | D:3      | Killed Ijyb
  1669 | D:3      | Reached skill level 1 in Fighting
  1669 | D:3      | Reached skill level 5 in Summonings
  1924 | D:3      | Found a glowing drain.
  1935 | Sewer    | Entered a sewer
  2322 | Sewer    | Gained mutation: Your tail ends in a poisonous barb. [potion of mutation]
  2322 | Sewer    | Gained mutation: Your natural rate of healing is unusually fast. [potion of mutation]
  2339 | Sewer    | Reached XP level 5. HP: 40/40 MP: 0/8
  2651 | D:3      | Reached XP level 6. HP: 39/48 MP: 5/10
  3142 | D:4      | Reached skill level 6 in Summonings
  3152 | D:4      | Noticed Sigmund
  3161 | D:4      | Killed Sigmund
  3161 | D:4      | Your scales start taking on a glossy black colour.
  3161 | D:4      | Reached XP level 7. HP: 32/57 MP: 0/11
  3161 | D:4      | Gained mutation: You are resistant to electric shocks. (rElec) [Black Draconian growth]
  3250 | D:4      | Learned a level 4 spell: Summon Lightning Spire
  3619 | D:5      | Entered Level 5 of the Dungeon
  3927 | D:5      | Reached skill level 7 in Summonings
  4002 | D:5      | Reached XP level 8. HP: 64/65 MP: 13/13
  4064 | D:5      | Found a basalt altar of Yredelemnul.
  4233 | D:5      | Found a staircase to the Ecumenical Temple.
  4261 | Temple   | Entered the Ecumenical Temple
  4327 | Temple   | Became a worshipper of Sif Muna the Loreminder
  4671 | D:6      | Reached skill level 1 in Invocations
  4759 | D:6      | Reached skill level 5 in Dodging
  4841 | D:6      | Reached skill level 5 in Fighting
  4841 | D:6      | Reached skill level 8 in Summonings
  5286 | D:6      | Reached * piety under Sif Muna
  5324 | D:7      | Reached XP level 9. HP: 52/73 MP: 16/16
  5425 | D:7      | Noticed a gargoyle
  5622 | D:7      | Killed a gargoyle
  5622 | D:7      | Reached skill level 5 in Spellcasting
  5854 | D:7      | Found Ettythe's Armour Shoppe.
  5937 | D:7      | Noticed Duvessa
  5937 | D:7      | Noticed Dowan
  5949 | D:7      | Killed Duvessa
  5949 | D:7      | Killed Dowan
  6349 | D:8      | Reached skill level 9 in Summonings
  6380 | D:8      | Noticed Grum
  6385 | D:8      | Noticed a white ugly thing
  6398 | D:8      | Noticed a two-headed ogre
  6532 | D:8      | Killed a two-headed ogre
  6691 | D:8      | Found Pyats's Gadget Boutique.
  6820 | D:8      | Reached ** piety under Sif Muna
  6868 | D:8      | Noticed Maurice
  6882 | D:8      | Killed Maurice
  6882 | D:8      | Reached XP level 10. HP: 60/84 MP: 11/18
  6917 | D:8      | Found Yptienic's Magic Scroll Shop.
  6956 | D:8      | Bought a scroll of magic mapping for 35 gold pieces
  7001 | D:8      | Found Gajoskoh's General Store.
  7064 | D:8      | Noticed a two-headed ogre
  7082 | D:8      | Killed a green ugly thing
  7084 | D:8      | Killed a two-headed ogre
  7087 | D:8      | Killed Grum
  7087 | D:8      | Reached skill level 10 in Summonings
  7163 | D:8      | Learned a level 4 spell: Summon Ice Beast
  7214 | D:8      | Found Icutocw's Gadget Shoppe.
  7278 | D:8      | Noticed a two-headed ogre
  7286 | D:8      | Killed a two-headed ogre
  7625 | D:9      | Reached skill level 5 in Invocations
  7691 | D:9      | Reached *** piety under Sif Muna
  7983 | D:9      | Found an iron altar of Okawaru.
  8016 | D:9      | Found a staircase to the Lair.
  8264 | D:9      | Noticed a two-headed ogre
  8264 | D:9      | Noticed a two-headed ogre
  8276 | D:9      | Killed a two-headed ogre
  8279 | D:9      | Killed a two-headed ogre
  8381 | D:9      | Noticed a two-headed ogre
  8396 | D:9      | Killed a two-headed ogre
  8396 | D:9      | Reached XP level 11. HP: 93/93 MP: 11/21
  8561 | D:9      | Reached skill level 11 in Summonings
  8696 | D:9      | Noticed a two-headed ogre
  8708 | D:9      | Killed a two-headed ogre
  9001 | D:9      | Reached **** piety under Sif Muna
  9707 | D:10     | Entered Level 10 of the Dungeon
  9809 | D:10     | Noticed a two-headed ogre
  9819 | D:10     | Killed a two-headed ogre
 10193 | D:10     | Found a staircase to the Orcish Mines.
 10316 | D:10     | Found a roughly hewn altar of Beogh.
 10531 | D:10     | Noticed a two-headed ogre
 10540 | D:10     | Killed a two-headed ogre
 11433 | D:11     | Found a sacrificial altar of Ru.
 11803 | D:12     | Reached ***** piety under Sif Muna
 11803 | D:12     | Identified Sif Muna's Volume of Ice and Shape Shifting (Sif Muna gifted it to you on level 12 of the Dungeon)
 11803 | D:12     | Received a gift from Sif Muna
 12059 | D:12     | Noticed an unseen horror
 12088 | D:12     | Killed an unseen horror
 12547 | D:12     | Noticed a purple ugly thing
 12561 | D:12     | Killed a purple ugly thing
 12561 | D:12     | Reached skill level 12 in Summonings
 12561 | D:12     | Reached XP level 12. HP: 101/103 MP: 16/23
 12744 | D:12     | Noticed a two-headed ogre
 12758 | D:12     | Killed a two-headed ogre
 12918 | D:12     | Noticed an eight-headed hydra
 12939 | D:12     | Killed an eight-headed hydra
 13292 | D:13     | Found a sparkling altar of Nemelex Xobeh.
 13776 | D:13     | Noticed a centaur warrior
 13795 | D:13     | Killed a centaur warrior
 14181 | D:13     | Noticed a centaur warrior
 14194 | D:13     | Killed a centaur warrior
 14448 | D:14     | Noticed a tengu warrior
 14479 | D:14     | Killed a tengu warrior
 14694 | D:14     | Found a stormy altar of Qazlal.
 14899 | D:15     | Entered Level 15 of the Dungeon
 15065 | D:15     | Noticed a two-headed ogre
 15072 | D:15     | Killed a two-headed ogre
 15590 | Lair:1   | Entered Level 1 of the Lair of Beasts
 15668 | Lair:1   | Noticed a four-headed hydra
 15678 | Lair:1   | Killed a four-headed hydra
 15678 | Lair:1   | Reached skill level 1 in Shields
 16685 | Lair:2   | Noticed a seven-headed hydra
 16697 | Lair:2   | Killed a seven-headed hydra
 16852 | Lair:2   | Reached skill level 10 in Fighting
 16858 | Lair:2   | Noticed Gastronok
 16875 | Lair:2   | Killed Gastronok
 17327 | Lair:2   | Noticed a six-headed hydra
 17337 | Lair:2   | Killed a six-headed hydra
 17807 | Lair:3   | Reached XP level 13. HP: 92/113 MP: 25/25
 18794 | Lair:4   | Found a hole to the Spider Nest.
 18828 | Lair:4   | Found a staircase to the Swamp.
 19200 | Lair:4   | Reached skill level 13 in Summonings
 19312 | Lair:4   | Reached skill level 5 in Shields
 20275 | Lair:4   | Upgraded the game from 0.21-a0-178-g0b87683 to 0.21-a0-179-gd2bfb5f
 20355 | Lair:5   | Received a gift from Sif Muna
 20356 | Lair:5   | Identified Ziefobil's Guide on Harmful Dark Rituals (Sif Muna gifted it to you on level 5 of the Lair of Beasts)
 20361 | Lair:5   | Noticed Josephine
 20575 | Lair:5   | Found an iron altar of Okawaru.
 20672 | Lair:5   | Killed Josephine
 21352 | Lair:6   | Entered Level 6 of the Lair of Beasts
 21556 | Lair:6   | Found a staircase to the Slime Pits.
 21958 | Lair:6   | Reached skill level 10 in Invocations
 22456 | Lair:6   | Reached skill level 10 in Dodging
 22459 | Lair:6   | Paralysed by a hornet for 3 turns
 22462 | Lair:6   | Gained mutation: Your large and strong wings let you fly indefinitely. [Black Draconian growth]
 22462 | Lair:6   | Reached XP level 14. HP: 82/124 MP: 25/27
 22481 | Lair:6   | Paralysed by a hornet for 3 turns
 23004 | Lair:6   | Paralysed by a hornet for 1 turns
 23010 | Lair:6   | Paralysed by a hornet for 1 turns
 23208 | Lair:6   | Identified Had Bidgh's Grimoire of Evil Rituals (Sif Muna gifted it to you on level 6 of the Lair of Beasts)
 23208 | Lair:6   | Received a gift from Sif Muna
 23561 | Lair:6   | Reached skill level 10 in Spellcasting
 23995 | Lair:1   | namelastname112: ??haunt
 23995 | Lair:1   | beem: haunt[1/2]: (L7 summ/necr): Summons 2-6 wraiths and undead "ghost" type monsters around the target. Smite-targeted, but only castable on a monster. In 0.16 and earlier caused sickness when cast unless you worship Kikubaaqudgha and pass a piety-in-200 check.
 24001 | Lair:1   | Learned a level 3 spell: Regeneration
 24061 | Orc:1    | Entered Level 1 of the Orcish Mines
 24061 | Orc:1    | Noticed Snorg
 24079 | D:10     | Killed Snorg
 24240 | Orc:1    | Reached skill level 1 in Necromancy
 24289 | Orc:1    | Noticed a stone giant
 24305 | Orc:1    | Killed a stone giant
 24517 | Orc:2    | Entered Level 2 of the Orcish Mines
 24545 | Orc:2    | Found a labyrinth entrance.
 24554 | Lab      | Entered a labyrinth
 24675 | Lab      | Goblin1989: Привет. Почему шорт блэейды, а не лонги?
 24678 | Lab      | namelastname112: ну
 24678 | Lab      | namelastname112: у меня кольцо на 6 слея
 24678 | Lab      | namelastname112: и элек рапира
 24678 | Lab      | namelastname112: я вообще оружие качать не собираюсь
 24727 | Lab      | Goblin1989: Понял.
 24889 | Lab      | Got a slimy quarterstaff {drain}
 24905 | Lab      | Learned a level 7 spell: Summon Hydra
 24905 | Lab      | Identified the +7 quarterstaff of the Spinneret {drain, Int-5 Dex+4 SInv} (You took it off a minotaur in a labyrinth)
 25189 | Orc:1    | You fall through a shaft!
 25465 | Orc:2    | Found a staircase to the Elven Halls.
 25537 | Orc:2    | Paralysed by an orc sorcerer for 6 turns
 25652 | Orc:2    | Reached skill level 14 in Summonings
 25788 | Orc:2    | Paralysed by an orc sorcerer for 7 turns
 26105 | Orc:2    | Noticed an orc warlord
 26145 | Orc:2    | Killed an orc warlord
 26191 | Orc:2    | Received a gift from Sif Muna
 26383 | Orc:2    | Goblin1989: хм
 26385 | Orc:2    | Noticed Azrael
 26399 | Orc:2    | Goblin1989: +7 шорт блэйд
 26462 | Orc:2    | Killed Azrael
 26464 | Orc:2    | Goblin1989: как думаешь, стоит в лонги демонспавну перекациваться
 26475 | Orc:2    | namelastname112: ну
 26475 | Orc:2    | namelastname112: у тебя все равно кросстрейн
 26543 | Orc:2    | Found Henac's General Store.
 26543 | Orc:2    | Found Layzyps's Antique Armour Boutique.
 26543 | Orc:2    | Found Yttimnig's Jewellery Boutique.
 26543 | Orc:2    | Found Rakuxod's Antique Weapon Shop.
 26548 | Orc:2    | Goblin1989: вот тоже думаю ну его нафиг
 26548 | Orc:2    | Bought a pair of embroidered boots for 172 gold pieces
 26548 | Orc:2    | Bought a pair of embroidered boots for 172 gold pieces
 26558 | Orc:2    | Bought a potion of heal wounds for 80 gold pieces
 26559 | Orc:2    | Goblin1989: упороться и довести шорты до 27?
 26571 | Orc:2    | Identified a +2 pair of boots of running (You bought it in a shop on level 2 of the Orcish Mines)
 27071 | Orc:2    | Paralysed by an orc sorcerer for 6 turns
 27300 | Orc:2    | namelastname112: зачем
 27300 | Orc:2    | namelastname112: там на 14 вроде миндилей у всего
 27370 | Elf:1    | Entered Level 1 of the Elven Halls
 27426 | Elf:2    | Goblin1989: хм, книжка с инвизом за 800 монет. Наверное, попробоую все-таки с шортами пройти
 27548 | Elf:2    | Found Owu Igu's Quality Used Wands.
 27572 | Elf:2    | Goblin1989: да, минджелей 14 у рапир, у квикблейдов 8, но урон до 27 растет
 27657 | Elf:3    | Entered Level 3 of the Elven Halls
 27700 | Elf:2    | Iwannabefree: hello
 27743 | Elf:2    | namelastname112: здаров
 27764 | Elf:2    | Goblin1989: hi!!!
 28477 | Elf:1    | Reached XP level 15. HP: 129/132 MP: 29/29
 28761 | Elf:1    | Reached skill level 5 in Necromancy
 28795 | Elf:1    | Identified the Incunabulum of Sinister Secrets
 29626 | Elf:1    | namelastname112: сиф муна блять мразь
 29626 | Elf:1    | namelastname112: где мои книги
 29708 | Elf:2    | Got a scorched long sword
 29709 | Elf:2    | Identified the +3 long sword "Pocaut" {holy, +Inv Int+3} (You found it on level 2 of the Elven Halls)
 30054 | Elf:3    | Found a radiant altar of Vehumet.
 30227 | Elf:3    | Identified Sif Muna's Reference Book on Displaced Lightness (Sif Muna gifted it to you on level 3 of the Elven Halls)
 30227 | Elf:3    | Received a gift from Sif Muna
 30235 | Elf:3    | Learned a level 5 spell: Summon Forest
 30238 | Elf:3    | Learned a level 2 spell: Blink
 30704 | Elf:2    | Goblin1989: ну ты блин даешь
 30709 | Elf:2    | Reached skill level 15 in Summonings
 30747 | Elf:2    | Goblin1989: на 15 лвл лезешь в эльфы 3
 30781 | Elf:2    | namelastname112: я гуляю
 30783 | Elf:2    | Found a huge runed gate.
 30783 | Elf:2    | Found a huge runed gate.
 30783 | Elf:2    | Found a huge runed gate.
 30783 | Elf:2    | Found a huge runed gate.
 30785 | Elf:2    | Found a huge runed gate.
 30925 | D:12     | Goblin1989: хотя идея хорошая на самом деле
 30997 | D:13     | Goblin1989: если осторожно, то из залов с оружием можно квикблейд вытянуть
 31030 | D:14     | namelastname112: мне не нужно оружие
 31030 | D:14     | namelastname112: мне книги надо
 31118 | D:14     | Goblin1989: а мне как раз оружие нужно
 31377 | D:14     | Found a gate to the Vaults.
 31581 | D:14     | Found a roughly hewn altar of Beogh.
 32110 | D:15     | namelastname112: хоть гидра с лабиринта
 32110 | D:15     | namelastname112: так бы вообще охуевал
 32196 | D:15     | Noticed Nessos
 32215 | D:15     | Killed Nessos
 32810 | D:15     | Found a staircase to the Depths.
 32972 | D:14     | Identified Pehutadi's Tome of Sinister Attacks (Sif Muna gifted it to you on level 14 of the Dungeon)
 32972 | D:14     | Received a gift from Sif Muna
 33069 | Lair:1   | namelastname112: сука
 33069 | Lair:1   | namelastname112: тупая сиф блять
 33069 | Lair:1   | namelastname112: дает говно
 33069 | Lair:1   | namelastname112: вместо книг
 33069 | Lair:1   | namelastname112: пиздец
 33073 | Lair:1   | Goblin1989: а мне наоборот DsAs, причем довольно неплохо везет
 33081 | Lair:1   | Learned a level 7 spell: Haunt
 33081 | Lair:1   | namelastname112: кому молишься?
 33217 | Swamp:1  | Entered Level 1 of the Swamp
 33308 | Swamp:1  | Noticed Louise
 33312 | Swamp:1  | Goblin1989: wu ^_^
 33320 | Swamp:1  | Killed Louise
 33361 | Swamp:1  | namelastname112: нормас
 33361 | Swamp:1  | namelastname112: клевый бог
 33361 | Swamp:1  | namelastname112: мне понравился
 33443 | Swamp:1  | Goblin1989: он в 0.20 лучше был
 33455 | Swamp:1  | Goblin1989: он мог замедлять противников
 33546 | Swamp:1  | namelastname112: а что поменяли?
 33547 | Swamp:1  | Goblin1989: теперь чет-то как-то не замедляет у меня
 33678 | Swamp:1  | namelastname112: ну я не застал
 33678 | Swamp:1  | namelastname112: хаунт выучил
 33678 | Swamp:1  | namelastname112: всем пизда
 33710 | Swamp:1  | Found a bloodstained altar of Trog.
 33757 | Swamp:1  | Goblin1989: ну вот замедление убрали, еще раньше ты мог через монстра вроде как перескочить если в его сторону шагнуть, а теперь нельзя.
 33758 | Swamp:1  | Goblin1989: хаунт да, рвет всех на кусочки
 33758 | Swamp:1  | namelastname112: не
 33758 | Swamp:1  | namelastname112: если в его сторону шагнуть
 33758 | Swamp:1  | namelastname112: ты ему в ебало больно бьешь
 33758 | Swamp:1  | namelastname112: а так только от стен скакать
 33758 | Swamp:1  | namelastname112: или раньше не так было?
 34118 | Swamp:1  | Noticed Donald
 34120 | Swamp:1  | Goblin1989: хм
 34139 | Swamp:1  | Killed Donald
 34217 | Swamp:1  | namelastname112: хм
 34217 | Swamp:1  | namelastname112: чанел теперь не так работает
 34217 | Swamp:1  | namelastname112: клево
 34511 | Swamp:2  | Reached XP level 16. HP: 114/139 MP: 25/31
 34681 | Swamp:2  | Goblin1989: как там локальную вики по богам открыть?
 34727 | Swamp:2  | Goblin1989: надо про ву почитать
 34727 | Swamp:2  | namelastname112: ? / G W
 34752 | Swamp:2  | Noticed a thorn hunter
 34758 | Swamp:2  | Killed a thorn hunter
 35210 | Swamp:3  | Noticed Mara
 35211 | Swamp:3  | namelastname112: бляааааааааааааааааааа
 35212 | Swamp:3  | Goblin1989: ага
 35367 | Swamp:3  | Goblin1989: а еще можно найти менюшку со всеми приемчиками. я видел, дагон как-то раз такую открывал
 35375 | Swamp:3  | Reached skill level 16 in Summonings
 35543 | Swamp:3  | Killed Mara
 35563 | Swamp:3  | namelastname112: хехе
 35563 | Swamp:3  | namelastname112: мара соснул
 35688 | Swamp:3  | Noticed a thorn hunter
 35700 | Swamp:3  | Killed a thorn hunter
 35853 | Swamp:3  | Goblin1989: !нажать для более подробных инструкций. нашел :)
 35971 | Swamp:3  | Goblin1989: а я думал что мара - ОНА
 36172 | Swamp:3  | namelastname112: не, он мужик
 36275 | Swamp:4  | Entered Level 4 of the Swamp
 36318 | Swamp:4  | Identified Sif Muna's Handbook of the Traveller and Evil (Sif Muna gifted it to you on level 4 of the Swamp)
 36318 | Swamp:4  | Received a gift from Sif Muna
 36320 | Swamp:4  | namelastname112: м
 36320 | Swamp:4  | namelastname112: гейтвей
 36320 | Swamp:4  | namelastname112: хуй знае
 36320 | Swamp:4  | namelastname112: т
 36320 | Swamp:4  | namelastname112: стоит ли
 36492 | Swamp:4  | Reached skill level 10 in Necromancy
 36724 | Swamp:4  | Noticed a thorn hunter
 37122 | Swamp:4  | Killed a thorn hunter
 37198 | Swamp:4  | Noticed a thorn hunter
 37205 | Swamp:4  | Killed a thorn hunter
 37313 | Swamp:4  | Got a decaying rune of Zot
 37349 | Swamp:4  | Iwannabefree: on govno
 37494 | Swamp:4  | Iwannabefree: .
 37574 | Swamp:4  | Iwannabefree: так блет
 37579 | Swamp:4  | Iwannabefree: о, работает
 37811 | Lair:4   | Iwannabefree: в чем суть драконов
 37811 | Lair:4   | Iwannabefree: ни дефенсов ни апт ни статов
 37811 | Lair:4   | namelastname112: бесплатный резист и похуй на броню
 37811 | Lair:4   | namelastname112: апты-то есть, так-то
 37811 | Lair:4   | Iwannabefree: 20 ас в з5
 37811 | Lair:4   | namelastname112: лол
 37811 | Lair:4   | namelastname112: мне норм
 38030 | D:14     | Iwannabefree: не ну я тоже не фанат гда
 38123 | Vaults:1 | Entered Level 1 of the Vaults
 38258 | Vaults:1 | Iwannabefree: но даже в легких драгонарморах выходит 25-30 АС
 38276 | Vaults:1 | Iwannabefree: плюс 30+ ев
 38318 | Vaults:1 | Iwannabefree: и гдр еще
 38732 | Vaults:1 | namelastname112: !lg . won -log
 38732 | Vaults:1 | beem: 144. namelastname112, XL27 DrWn, T:60096: http://crawl.xtahua.com/crawl/morgue/namelastname112/morgue-namelastname112-20170803-155308.txt
 38732 | Vaults:1 | namelastname112: 21/33
 38732 | Vaults:1 | namelastname112: нормально, как по мне
 38769 | Vaults:1 | Found a shimmering altar of Xom.
 38840 | Vaults:1 | Identified Weharaxo's Volume of Venom and Conjuration (Sif Muna gifted it to you on level 1 of the Vaults)
 38840 | Vaults:1 | Received a gift from Sif Muna
 38842 | Vaults:1 | Noticed Nikola
 38847 | Vaults:1 | Killed Nikola
 38847 | Vaults:1 | Reached skill level 17 in Summonings
 38912 | Vaults:1 | Reached skill level 1 in Translocations
 39535 | Vaults:1 | Goblin1989: ванна
 39562 | Vaults:1 | Goblin1989: вот ты не любишь тяжелые шкуры таскать
 39563 | Vaults:1 | Reached ****** piety under Sif Muna
 39566 | Vaults:1 | Iwannabefree: керамическая или чугунная?
 39581 | Vaults:1 | Goblin1989: к какие вообще носишь?
 39746 | Vaults:1 | Iwannabefree: да какие завезут
 39773 | Vaults:1 | Iwannabefree: если ничего нет то стим последние игры брал
 39775 | Vaults:1 | Reached XP level 17. HP: 146/146 MP: 4/33
 39821 | Vaults:1 | Iwannabefree: если каких-то резистов не хватает то другие
 39847 | Vaults:1 | Iwannabefree: максимум это шторм и то если силы завезли
 40031 | Vaults:1 | Identified Sif Muna's Reference Book on Summoning (Sif Muna gifted it to you on level 1 of the Vaults)
 40031 | Vaults:1 | Received a gift from Sif Muna
 40033 | Vaults:1 | namelastname112: неужели сука
 40033 | Vaults:1 | namelastname112: в волтах она решила наконец дать нормальную книгу
 40033 | Vaults:1 | namelastname112: мразь
 40046 | Vaults:1 | Iwannabefree: нахуй ее брал то
 40048 | Vaults:1 | Iwannabefree: бесполезнобог
 40073 | Vaults:1 | namelastname112: не поверишь
 40073 | Vaults:1 | namelastname112: ради книг
 40142 | Vaults:1 | Learned a level 8 spell: Summon Horrible Things
 40142 | Vaults:1 | namelastname112: менагери теперь седьмой лвл?
 40142 | Vaults:1 | namelastname112: охуеть
 40143 | Vaults:1 | Iwannabefree: а было каким
 40153 | Vaults:1 | Learned a level 7 spell: Monstrous Menagerie
 40183 | Vaults:1 | Goblin1989: нет, реально, ву по-моему пассивно урон увеличивает
 40333 | Vaults:1 | Goblin1989: потому что я семиголовую гидру за три хода убил
 40415 | Vaults:1 | Iwannabefree: кританул
 40530 | Vaults:1 | Iwannabefree: он нынче нихуя не дает
 40658 | Vaults:1 | Iwannabefree: уровня сифы лул
 40740 | Vaults:2 | Found Quur's General Store.
 40755 | Vaults:2 | Found a magical portal.
 40760 | Vaults:2 | namelastname112: блять
 40760 | Vaults:2 | namelastname112: зачем мимики еще существуют вообще
 40768 | Vaults:2 | Goblin1989: шортблэйды же не критуют
 41052 | Vaults:2 | Noticed Sojobo
 41179 | Vaults:2 | Found Tetivod's Book Boutique.
 41190 | Vaults:2 | namelastname112: а вот и дракончики
 41190 | Vaults:2 | namelastname112: ммм
 41456 | Vaults:2 | Learned a level 7 spell: Malign Gateway
 41488 | Vaults:2 | Reached skill level 5 in Translocations
 41654 | Vaults:2 | Killed Sojobo
 41679 | Vaults:2 | Goblin1989: ох лол
 41695 | Vaults:2 | Goblin1989: ну нихуя тебе повезло
 41708 | Vaults:2 | Goblin1989: вукад му!
 41747 | Vaults:2 | namelastname112: скоро можно будет кидать сиф
 41778 | Vaults:2 | Reached skill level 18 in Summonings
 41929 | Vaults:2 | Reached skill level 1 in Evocations
 41939 | Vaults:2 | Found Bene's Antique Weapon Boutique.
 42054 | Vaults:2 | namelastname112: ??staff of energy
 42054 | Vaults:2 | beem: staff of energy[1/1]: When wielded, removes spell hunger and can be evoked for {channeling}.
 42058 | Vaults:2 | namelastname112: чето не понял
 42058 | Vaults:2 | namelastname112: вукад не убирает чтоль хангер
 42060 | Vaults:2 | Received a gift from Sif Muna
 43141 | Vaults:3 | Found a flickering gateway to a bazaar.
 43146 | Bazaar   | Entered a bazaar
 43146 | Bazaar   | Found Saiqul's Weapon Boutique.
 43146 | Bazaar   | Found Rafasobb's Weapon Boutique.
 43149 | Bazaar   | Found Zischoti's General Store.
 43157 | Bazaar   | Bought a potion of curing for 39 gold pieces
 43157 | Bazaar   | Found Fumn's General Store.
 43189 | Bazaar   | Found Ideyx's Jewellery Shoppe.
 43795 | Vaults:3 | Found Gozag's Antique Weapon Emporium.
 43796 | Vaults:3 | Found Gozag's Antique Armour Emporium.
 43797 | Vaults:3 | Found an opulent altar of Gozag.
 43801 | Vaults:3 | Goblin1989: а вот я хз, может и убрали
 43859 | Vaults:3 | Found Gozag's Antique Weapon Shoppe.
 44236 | Vaults:3 | Found a staircase to the Crypt.
 44601 | Vaults:3 | Reached XP level 18. HP: 155/155 MP: 19/35
 45102 | Vaults:4 | Received a gift from Sif Muna
 45887 | Vaults:4 | Paralysed by a great orb of eyes for 7 turns
 45998 | Vaults:4 | Found Iqoyramuts's Weapon Shop.
 46329 | Vaults:4 | Goblin1989: А вот со свитками телепортации с 0,20 жопа, их ппц как мало
 48038 | Elf:3    | Killed from afar by a deep elf high priest

Vault maps used:
D:1:      dpeg_arrival_round_c
D:2:      minmay_box_of_dots
D:3:      gup_sewer_entry_pipe, hex_tiny, guppyfry_early_lair_pool, uniq_ijyb
D:4:      first_bread, uniq_sigmund
D:5:      yredelemnul_altar_generic, minmay_temple_entry_steel_oval
D:7:      serial_shops, shop, the_bakery, uniq_duvessa
D:8:      serial_shops, shop, nicolae_shop_crystal, shop, nicolae_shop_trees,
          uniq_grum, uniq_maurice
D:9:      kennysheep_town
D:10:     minmay_orc_entry_temple_small
D:11:     nicolae_ru_awakened_eye
D:12:     abandoned_shop
D:13:     nemelex_xobeh_ov_fountains_minmay
D:14:     grunt_vaults_entry_tiered, special_room, lemuel_doored_altar,
          minmay_misc_feat_square
D:15:     grunt_enter_depths_magical_seal, minmay_misc_feat_iff, uniq_nessos
Temple:   grunt_wide_crystal_templ
Lair:1:   grunt_megastairs_2, infiniplex_staircase_pool_2
Lair:2:   st_stairs_12, grunt_megastairs_4, uniq_gastronok
Lair:3:   special_room
Lair:4:   cheibrodos_lair_river_kwai, minmay_swamp_entry_reptiles,
          spider_nest_entry_webs
Lair:5:   basic_altar, wad_woods_river_01, uniq_josephine
Lair:6:   minmay_lair_end_enchanted_forest, minmay_slime_entry_oklob_open
Swamp:1:  nicolae_swamp_godswood, uniq_louise, uniq_donald
Swamp:2:  cheibrodos_swamp_tower_of_moss, serial_swamp_ruin,
          evilmike_swamp_ruin_wall, evilmike_swamp_ruin_rubble_2,
          evilmike_swamp_ruin_house_3, swamp_pool1
Swamp:3:  evilmike_swamp_ruin_house_2, uniq_mara
Swamp:4:  swamp_basic_johnstein
Orc:1:    uniq_snorg
Orc:2:    st_orc_congregation, lab_entry_generic, uniq_azrael
Elf:1:    minmay_elf_necromancy
Elf:2:    nicolae_for_you_no_charge
Elf:3:    minmay_elf_hall_four_x, basic_altar
Vaults:1: nicolae_vaults_stairing_the_circle, hangedman_vaults_cutoff,
          hangedman_vaults_slice, vaults_room_grid, hangedman_vaults_impose,
          nicolae_vaults_specimen_jars, v_rooms_3, v_pattern_3,
          nicolae_vaults_little_squares_1, nicolae_vaults_network_star,
          vaults_room_semicircle, vaults_room_door_ring, v_misc_16, basic_altar,
          uniq_nikola
Vaults:2: vaults_room_fours, v_misc_9, st_more_cells, v_misc_1, v_misc_26,
          v_rooms_4, ontoclasm_vaults_idyll, ontoclasm_vaults_loading_screen,
          nicolae_vaults_little_squares_6, mu_enter_wizlab_1, serial_shops,
          shop, shop, nicolae_shop_statue_plus, uniq_sojobo
Vaults:3: ontoclasm_vaults_idyll, nicolae_vaults_triangles,
          nicolae_vaults_little_squares_2, vaults_standard_mumra_x,
          blue_anna_dwarven_crypt, kennysheep_vaults_gozag_temple, v_pattern_5,
          vaults_room_grid, vaults_room_fours, vaults_dpeg_diagonal,
          serial_shops, bzr_entry_road
Vaults:4: vaults_room_door_ring, nicolae_vaults_theta, hangedman_vaults_trim,
          nicolae_vaults_three_branches, nicolae_vaults_little_squares_3,
          hangedman_vaults_hat, ontoclasm_vaults_ligature, vaults_room_grid,
          st_lattice, v_rooms_2, v_misc_22, serial_shops, shop
Lab:      labyrinth_watery, nicolae_lab_blocks, nicolae_lab_very_dead_end,
          labyrinth_skeletal_remains
Bazaar:   bazaar_kb_twisted_cavern
Sewer:    sewer_fruit_machine

Skill      XL: |  1  2  3  4  5  6  7  8  9 10 11 12 13 14 15 16 17 18 |
---------------+-------------------------------------------------------+-----
Dodging        | 2 3 4 5 6 7 8 9 10 11 12 | 12.0
Fighting       | 1 2 3 4 5 6 7 8 10 11 12 13 | 13.5
Summonings     | 5 6 7 8 9 10 12 13 14 15 17 18 | 18.8
Spellcasting   | 3 4 5 6 7 8 9 10 11 12 13 | 13.7
Invocations    | 2 4 5 7 8 10 | 10.8
Shields        | 3 5 |  5.2
Necromancy     | 4 8 11 | 11.2
Translocations | 2 5 |  5.3
Evocations     | 3 |  3.5
Stealth        | |  1.7

Action                   |  1- 3 |  4- 6 |  7- 9 | 10-12 | 13-15 | 16-18 || total
-------------------------+-------+-------+-------+-------+-------+-------++-------
Melee: Dagger            |   103 |   229 |   333 |   773 |   406 |       ||  1844
       Tailslap          |     6 |    22 |    45 |    97 |   150 |    84 ||   404
       Unarmed           |     1 |     9 |       |       |       |       ||    10
       Staff             |       |       |       |    15 |       |   159 ||   174
       Rapier            |       |       |       |       |   788 |   377 ||  1165
 Cast: Summon Small Mamm |     3 |       |       |       |       |       ||     3
       Call Imp          |     2 |    17 |     4 |     4 |     3 |       ||    30
       Call Canine Famil |       |     5 |    11 |    31 |    11 |     3 ||    61
       Summon Lightning  |       |       |     9 |    38 |    55 |     2 ||   104
       Summon Ice Beast  |       |       |       |   143 |   171 |    17 ||   331
       Summon Hydra      |       |       |       |       |   126 |    84 ||   210
       Haunt             |       |       |       |       |     8 |   137 ||   145
       Blink             |       |       |       |       |     4 |     1 ||     5
       Summon Forest     |       |       |       |       |     3 |       ||     3
       Monstrous Menager |       |       |       |       |       |   125 ||   125
       Summon Horrible T |       |       |       |       |       |    16 ||    16
       Malign Gateway    |       |       |       |       |       |    14 ||    14
       Regeneration      |       |       |       |       |       |     7 ||     7
Invok: Divine Energy     |       |       |       |       |     3 |    15 ||    18
       Stop Divine Energ |       |       |       |       |     3 |    14 ||    17
       Channel Magic     |       |       |       |       |     2 |       ||     2
       Forget Spell      |       |       |       |       |       |     3 ||     3
 Abil: Breathe Lightning |       |       |     5 |     1 |     4 |     1 ||    11
       Fly               |       |       |       |       |       |     2 ||     2
       Stop Flying       |       |       |       |       |       |     2 ||     2
Evoke: Wand              |       |       |     4 |     8 |     2 |       ||    14
  Use: Scroll            |     4 |     2 |    10 |    16 |    13 |    12 ||    57
       Potion            |       |     3 |     1 |       |     1 |     4 ||     9
 Stab: Sleeping          |     7 |     1 |     5 |     4 |     4 |     1 ||    22
       Invisible         |       |     1 |       |       |       |       ||     1
       Distracted        |       |       |     2 |     7 |    10 |     4 ||    23
       Paralysed         |       |       |       |       |     6 |     4 ||    10
  Eat: Chunk             |     2 |     7 |    12 |    38 |    88 |   108 ||   255
       Royal jelly       |       |       |     2 |     1 |    12 |     3 ||    18
       Meat ration       |       |       |       |     2 |     2 |    10 ||    14
       Fruit             |       |       |       |     1 |     4 |    17 ||    22
       Bread ration      |       |       |       |       |       |     4 ||     4
Armor: Skin              |    33 |    78 |    99 |   326 |   430 |   179 ||  1145
Dodge: Dodged            |    62 |   166 |   245 |   747 |  1127 |   546 ||  2893
Block: Buckler           |       |       |       |    12 |   606 |   236 ||   854
